 Dungeon Crawl Stone Soup version 0.30.1-11-g7821555f0a (webtiles) character file.

Game seed: 14035573787630709653

464 Peloso the Covered (level 6, -6/56 HPs)
             Began as a Minotaur Fighter on Jan 14, 2024.
             Mangled by a gnoll sergeant
             ... wielding a +7 flail
              (12 damage)
             ... on level 4 of the Dungeon.
             The game lasted 00:05:32 (3408 turns).

Peloso the Covered (Minotaur Fighter)               Turns: 3408, Time: 00:05:33

Health: -6/56      AC:  8    Str: 21    XL:     6   Next: 80%
Magic:  5/5        EV: 10    Int:  5    God:
Gold:   131        SH:  5    Dex: 11    Spells: 5/5 levels left

rFire   + . .        a - +0 long sword
rCold   . . .        c - +0 buckler
rNeg    + . .        b - +1 scale mail {rN+}
rPois   .            (helmet restricted)
rElec   .            (no cloak)
rCorr   .            (no gloves)
SInv    .            (no boots)
Will    .....        (no amulet) Stlth
                     n - ring of protection from fire
HPRegen 0.29/turn    (no ring)
MPRegen 0.09/turn

%: no passive effects
@: no status effects
A: horns 2, retaliatory headbutt
a: no special abilities


You were on level 4 of the Dungeon.
You visited 1 branch of the dungeon, and saw 7 of its levels.

You collected 131 gold pieces.

Inventory:

Hand Weapons
 a - a +0 long sword (weapon)
Armour
 b - a +1 scale mail of positive energy (worn)
 c - a +0 buckler (worn)
Jewellery
 n - a ring of protection from fire (left hand)
Wands
 r - a wand of light (10)
Scrolls
 e - a scroll of brand weapon {unknown}
 f - a scroll of teleportation {unknown}
 h - 2 scrolls of magic mapping {unknown}
 i - 2 scrolls of fog
 j - 4 scrolls of identify {unknown}
 l - a scroll of enchant armour {unknown}
 p - 2 scrolls of vulnerability {unknown}
Potions
 d - 4 potions of might
 g - 4 potions of brilliance
 k - a potion of heal wounds
 m - a potion of curing {unknown}
 o - a potion of resistance
 q - a potion of haste {unknown}


   Skills:
 + Level 5.4 Fighting
 + Level 5.1 Long Blades
 + Level 5.6 Armour
 + Level 2.0 Dodging
 + Level 0.1 Stealth
 + Level 4.9 Shields


You had 5 spell levels left.
You didn't know any spells.
Your spell library was empty.

Dungeon Overview and Level Annotations

Branches:
Dungeon (7/15)
 Temple: D:4-7

Altars:


Innate Abilities, Weirdness & Mutations

You have a pair of horns on your head.
You reflexively headbutt those who attack you in melee.


Message History

r - a wand of light (10)
A gnoll sergeant comes into view. It is wielding a +7 flail.
The gnoll sergeant shouts!
You see here a +0 sling.
The gnoll sergeant hits you with a +7 flail!
You barely miss the gnoll sergeant. The gnoll sergeant closely misses you.
You hit the gnoll sergeant but do no damage.
The gnoll sergeant barely misses you.
You hit the gnoll sergeant but do no damage.
You headbutt the gnoll sergeant.
The gnoll sergeant is lightly wounded.
The gnoll sergeant hits you with a +7 flail!
You barely miss the gnoll sergeant.
The gnoll sergeant is lightly wounded.
The gnoll sergeant hits you with a +7 flail!
You block the gnoll sergeant's attack.
You hit the gnoll sergeant but do no damage.
You headbutt the gnoll sergeant.
The gnoll sergeant is moderately wounded.
The gnoll sergeant closely misses you.
You hit the gnoll sergeant but do no damage.
You headbutt the gnoll sergeant.
The gnoll sergeant is heavily wounded.
The gnoll sergeant misses you. You furiously retaliate!
You headbutt the gnoll sergeant.
You hit the gnoll sergeant but do no damage.
You headbutt the gnoll sergeant, but do no damage.
The gnoll sergeant is heavily wounded.
The gnoll sergeant hits you with a +7 flail!
* * * LOW HITPOINT WARNING * * *
You hit the gnoll sergeant but do no damage.
The gnoll sergeant is heavily wounded.
The gnoll sergeant hits you with a +7 flail!
* * * LOW HITPOINT WARNING * * *
You barely miss the gnoll sergeant.
The gnoll sergeant is heavily wounded.
The gnoll sergeant barely misses you. You furiously retaliate!
You headbutt the gnoll sergeant.
The gnoll sergeant hits you with a +7 flail!
You die...

##.# #.....
#..# #....)
#.## # #.....
#.# .# #.....
#.## ..#
#.....
#.§#######§..#
#.....
#§§§§§§§§§§...
#.....
#.§§§§§§§§§#..
#.....
#.§§§§@g§§§§..
#....#
#.§#######§..#
#.... #### ..#
.# #


You could see a gnoll sergeant.

Vanquished Creatures
  A black bear (D:4)
  A phantom (D:4)
  A scorpion (D:2)
  A howler monkey (D:5)
  Terence (D:3)
  An orc wizard (D:4)
  Robin (D:3)
  4 gnolls
  An adder (D:2)
  4 worms
  2 dart slugs
  6 orcs (D:3)
  5 endoplasms
  4 giant cockroaches
  14 goblins
  7 hobgoblins
  5 jackals
  8 kobolds
  4 quokkas
  2 ball pythons
  4 bats
  4 frilled lizards
  2 rats
83 creatures vanquished.

Notes
Turn   | Place    | Note
-------+----------+-------------------------------------------
     0 | D:1      | Peloso the Minotaur Fighter began the quest for the Orb.
     0 | D:1      | Reached XP level 1. HP: 19/19 MP: 0/0
   218 | D:1      | Reached XP level 2. HP: 20/27 MP: 1/1
   544 | D:2      | Reached XP level 3. HP: 30/33 MP: 2/2
   633 | D:2      | Found a faded altar of an unknown god.
   980 | D:2      | Noticed a scorpion
   990 | D:2      | Killed a scorpion
   991 | D:2      | Reached XP level 4. HP: 31/41 MP: 3/3
  1259 | D:3      | Reached skill level 1 in Dodging
  1436 | D:3      | Noticed Terence
  1450 | D:3      | Killed Terence
  1451 | D:3      | Reached skill level 5 in Fighting
  1451 | D:3      | Reached XP level 5. HP: 30/48 MP: 4/4
  1997 | D:3      | Noticed Robin
  2005 | D:3      | Killed Robin
  2653 | D:4      | You fall into a shaft and drop 3 floors!
  2677 | D:6      | Noticed a black bear
  2684 | D:5      | Entered Level 5 of the Dungeon
  2686 | D:5      | Noticed a phantom
  2696 | D:5      | Reached skill level 5 in Armour
  2696 | D:5      | Reached XP level 6. HP: 23/56 MP: 5/5
  2887 | D:4      | Reached skill level 5 in Long Blades
  3052 | D:4      | HP: 2/56 [something/magic dart (5)]
  3408 | D:4      | Mangled by a gnoll sergeant

Illustrated notes

Levels and vault maps discovered:
D:1:      enne_arrival_octagon_isle, layout_rooms, minmay_misc_feat_nine_boxes,
          chequers_avenue, feat_on_display
D:2:      layout_rooms, basic_ecumenical_altar, st_stairs_7, minmay_tromino_v7
D:3:      layout_basic, uniq_robin, uniq_terence
D:4:      layout_basic, beargit_hepliaklqana_dungeon_heroes,
          mainiacjoe_overflow_alcove_4
D:5:      layout_loops_cross, hangedman_feature_mirror, minmay_manual_monstrance
D:6:      layout_rooms, nicolae_dithmenos_through_a_glass_darkly, minivault_26
D:7:      layout_cave_pools, temple_statues, uniq_maggie, uniq_pikel,
          uniq_duvessa

Skill      XL: |  1  2  3  4  5  6 |
---------------+-------------------+-----
Fighting       | 4 5 |  5.4
Armour         | 4 5 |  5.6
Long Blades    | 3 4 5 |  5.1
Shields        | 4 |  4.9
Dodging        | 1 2 |  2.0
Stealth        | |  0.1

Action                     |  1- 3 |  4- 6 || total
---------------------------+-------+-------++-------
  Melee: Long sword        |    96 |   172 ||   268
         Headbutt          |    18 |    33 ||    51
    Use: Scroll            |     2 |       ||     2
         Potion            |     1 |     2 ||     3
 Armour: Scale mail        |    42 |    81 ||   123
  Dodge: Dodged            |    39 |    96 ||   135
  Block: Buckler           |    31 |    49 ||    80
